 Dungeon Crawl Stone Soup version 0.23.2-30-g0e89c35 (webtiles) character file.

Game seed: 15288700168677685350

587 Fang the Skirmisher (level 7, -3/44 HPs)
             Began as a Gargoyle Berserker on June 14, 2019.
             Was a Priest of Trog.
             Killed from afar by Dowan (6 damage)
             ... with a stone arrow
             ... on level 5 of the Dungeon.
             The game lasted 00:07:07 (3676 turns).

Fang the Skirmisher (Gargoyle Berserker)            Turns: 3676, Time: 00:07:08

Health: -3/44      AC: 16    Str: 22    XL:     7   Next: 38%
Magic:  16/16      EV:  9    Int:  8    God:    Trog [***...]
Gold:   200        SH:  0    Dex:  9    Spells: 6/6 levels left

rFire    . . .     SeeInvis .   a - +0 hand axe
rCold    . . .     Gourm    +   (no shield)
rNeg     + . .     Faith    .   f - +0 storm dragon scales
rPois    ∞         Spirit   .   (no helmet)
rElec    +         Reflect  .   (no cloak)
rCorr    .         Harm     .   (no gloves)
MR       .....                  (no boots)
Stlth    ..........             i - amulet of the gourmand
HPRegen  0.14/turn              h - ring of magical power
MPRegen  0.15/turn              (no ring)

@: starving
A: negative energy resistance 1, electricity resistance, unbreathing,
petrification resistance, rot immunity, AC +4
a: Berserk, Trog's Hand, Renounce Religion


You were on level 5 of the Dungeon.
You worshipped Trog.
Trog was most pleased with you.
You were starving.

You visited 1 branch of the dungeon, and saw 5 of its levels.

You collected 200 gold pieces.

Inventory:

Hand Weapons
 a - a +0 hand axe (weapon)
Armour
 b - a +0 animal skin
 f - +0 storm dragon scales (worn)
Jewellery
 h - a ring of magical power (left hand)
 i - an amulet of the gourmand (around neck)
Scrolls
 d - 3 scrolls of remove curse {unknown}
 l - a scroll of magic mapping {unknown}
 m - 3 scrolls of identify {unknown}
 o - a scroll of noise {unknown}
 r - a scroll of teleportation {unknown}
 s - a scroll of fog {unknown}
Potions
 e - a potion of degeneration {unknown}
 g - 2 potions of brilliance {unknown}
 j - 3 potions of curing {unknown}
 k - a potion of flight {unknown}
 n - a potion of agility {unknown}
 p - 2 potions of lignification {unknown}
 q - a potion of cancellation {unknown}
 t - a potion of haste {unknown}
 u - a potion of might {unknown}
Comestibles
 c - 13 rations


   Skills:
 + Level 5.3 Fighting
 + Level 4.3 Axes
 + Level 4.7 Armour
 + Level 3.4 Dodging


You had 6 spell levels left.
You didn't know any spells.
Your spell library was empty.

Dungeon Overview and Level Annotations

Branches:
Dungeon (5/15)
 Temple: D:4-7

Altars:
Cheibriados

Annotations:
D:5 Dowan


Innate Abilities, Weirdness & Mutations

You are resistant to torment.
Your stone body is resilient. (AC +4)
You are immune to poison.
You resist negative energy. (rN+)
You are resistant to electric shocks. (rElec)
You can survive without breathing.
You are immune to petrification.
You are immune to rotting.


Message History

Dowan casts a spell at you. The stone arrow hits you.
* * * LOW HITPOINT WARNING * * *
You closely miss Dowan.
Dowan gestures wildly while chanting.
Dowan blinks!
You swing at nothing.
You swing at nothing.
Dowan says, "Magic will overcome all!"
You completely miss Dowan.
Dowan is almost dead.
Dowan barely misses you.
Dowan gestures wildly while chanting.
Dowan blinks!
You swing at nothing.
You swing at nothing.
You miss Dowan. Dowan hits you but does no damage. Dowan casts a spell at you.
The stone arrow hits you.
You die...

##≈O≈≈≈#.##.##
#....#
...≈≈≈≈#.##..#
###.##
.88≈≈≈≈≈88...#
#.#
.............#
#.#
.............#
#.#
.88≈≈≈≈≈88..##
#.#
##.#≈≈≈≈≈##.#
#.# #
#≈≈≈≈≈##e# #.#
##≈≈≈≈##@# #.#
#≈≈≈≈≈#)# #.#
#≈≈≈≈≈#.# #.#
..≈≈≈ #.# #.#
#≈≈≈≈#.# #.#
#≈≈≈≈≈.# #.#
#.≈≈≈≈≈.# #.#
#.#≈≈≈≈## #.#
#≈≈≈≈ #.#


You could see Dowan.

Vanquished Creatures
  Duvessa (D:5)
  An ogre (D:5)
  A centaur (D:5)
  2 orc priests
  Crazy Yiuf (D:2)
  An orc wizard (D:4)
  An iguana (D:2)
  A hound skeleton (D:4)
  2 adders
  3 shadow imps
  2 oozes
  2 worms
  3 dart slugs
  3 leopard geckos
  19 orcs
  A ball python (D:1)
  5 bats (D:1)
  2 giant cockroaches (D:1)
  9 goblins
  5 hobgoblins
  5 jackals
  3 quokkas
  5 frilled lizards
  7 kobolds
  9 rats
94 creatures vanquished.

Notes
Turn   | Place    | Note
-------+----------+-------------------------------------------
     0 | D:1      | Fang the Gargoyle Berserker began the quest for the Orb.
     0 | D:1      | Reached XP level 1. HP: 14/14 MP: 1/1
    93 | D:1      | Reached XP level 2. HP: 11/19 MP: 2/2
   353 | D:1      | Reached XP level 3. HP: 23/23 MP: 3/3
   488 | D:1      | Reached ** piety under Trog
   679 | D:2      | Reached skill level 4 in Fighting
   679 | D:2      | Reached XP level 4. HP: 23/29 MP: 4/4
  1173 | D:2      | Found a runed translucent door.
  1174 | D:2      | Noticed Crazy Yiuf
  1338 | D:2      | Paralysed by Crazy Yiuf for 6 turns
  1346 | D:2      | Killed Crazy Yiuf
  1346 | D:2      | Reached XP level 5. HP: 33/33 MP: 5/5
  1789 | D:3      | Reached *** piety under Trog
  1944 | D:3      | Found a faded altar of an unknown god.
  2471 | D:4      | Reached XP level 6. HP: 37/39 MP: 6/6
  2932 | D:4      | Found a snail-covered altar of Cheibriados.
  3447 | D:5      | Entered Level 5 of the Dungeon
  3579 | D:5      | Noticed Duvessa
  3596 | D:5      | Reached skill level 5 in Fighting
  3596 | D:5      | Reached XP level 7. HP: 32/44 MP: 7/7
  3623 | D:5      | Killed Duvessa
  3630 | D:5      | Noticed Dowan
  3669 | D:5      | HP: 2/44 [Dowan/stone arrow (5)]
  3676 | D:5      | Killed from afar by Dowan

Skill      XL: |  1  2  3  4  5  6 |
---------------+-------------------+-----
Axes           | 3 4 |  4.3
Dodging        | 2 3 |  3.4
Fighting       | 4 5 |  5.3
Armour         | 3 4 |  4.7

Action                   |  1- 3 |  4- 6 |  7- 9 || total
-------------------------+-------+-------+-------++-------
Melee: Hand axe          |    98 |   240 |    38 ||   376
Invok: Berserk           |       |     3 |       ||     3
  Eat: Chunk             |       |    10 |       ||    10
Armor: Animal skin       |    19 |       |       ||    19
       Storm dragon scal |    50 |   175 |    38 ||   263
Dodge: Dodged            |    76 |   110 |    20 ||   206
